 Dungeon Crawl Stone Soup version 0.20.2-3-g29329e0561 (webtiles) character file.

233 Alfie the Skirmisher (level 6, -1/53 HPs)
             Began as a Hill Orc Fighter on July 19, 2023.
             Killed from afar by an orc wizard (2 damage)
             ... with a magic dart
             ... on level 4 of the Dungeon.
             The game lasted 00:06:24 (1967 turns).

Alfie the Skirmisher (Hill Orc Fighter)             Turns: 1967, Time: 00:06:26

Health: -1/53      AC:  7    Str: 20    XL:     6   Next: 4%
Magic:  6/6        EV:  8    Int:  9    God:
Gold:   192        SH:  9    Dex: 10    Spells: 4/5 levels left

rFire    + . .     SeeInvis .   a - +1 rapier
rCold    + . .     Gourm    .   c - +0 shield
rNeg     . . .     Faith    .   b - +0 scale mail
rPois    +         Spirit   .   (no helmet)
rElec    +         Reflect  .   (no cloak)
rCorr    +         Harm     .   (no gloves)
MR       .....                  (no boots)
Stlth    +.........             (no amulet)
Regen    0.2/turn               m - ring of stealth
MPRegen  0.1/turn               (no ring)

@: lethally poisoned (-1 -> -32), resistant, flying
A: no striking features
a: no special abilities


You were on level 4 of the Dungeon.
You were not hungry.

You visited 1 branch of the dungeon, and saw 4 of its levels.

You collected 192 gold pieces.

Inventory:

Hand Weapons
 a - a +1 rapier (weapon)
Armour
 b - a +0 scale mail (worn)
 c - a +0 shield (worn)
Jewellery
 m - a ring of stealth (left hand)
Scrolls
 h - a scroll of fear
 i - a scroll of remove curse
 j - a scroll of magic mapping {unknown}
 p - a scroll of fog {unknown}
 q - a scroll of recharging {unknown}
 s - 2 scrolls of teleportation
 t - a scroll of enchant armour {unknown}
 u - a scroll of identify
 v - a scroll of immolation {unknown}
Potions
 d - 2 potions of might
 n - a potion of agility {unknown}
 o - a potion of haste {unknown}
Comestibles
 f - a bread ration
 l - 2 meat rations


   Skills:
 + Level 4.4 Fighting
 + Level 3.9 Short Blades
 + Level 4.2 Armour
 + Level 1.1 Dodging
 + Level 4.4 Shields


You had 4 spell levels left.
You knew the following spells:

 Your Spells              Type           Power        Failure   Level  Hunger
a - Animate Skeleton      Necr           N/A          99%         1    ##.....


Dungeon Overview and Level Annotations

Branches:
Dungeon (4/15)
 Temple: D:4-7

Altars:

Annotations:
D:4 Eustachio


Message History

You are more poisoned.
The worker ant bites you.
* * * LOW HITPOINT WARNING * * *
Something hits you but does no damage.
You puncture the orc!
You kill the orc!
* * * LOW HITPOINT WARNING * * *
You feel very sick.
The orc wizard casts a spell.
The orc wizard flickers and vanishes!
Something completely misses you.
The worker ant bites you but does no damage.
The iron imp spits at you.
* * * LOW HITPOINT WARNING * * *
You feel very sick. Something hits you but does no damage.
The worker ant bites you.
* * * LOW HITPOINT WARNING * * *
You hear some strange, mumbled words.
A magic dart appears from out of thin air!
The magic dart hits you!
You die...

## ..## .#########....#
...........%# .......#
#....sa@# #......#
#.....{.# .......#
###..##5#######.#!...#
...$..#.5.#..........#
....#o.o#.#..........##
#.........#............
......##...........#
.a.o.# ##.#....<.#.....
..... #........# ###


You could see a worker ant, an iron imp, a quasit, an orc and a giant cockroach.

Vanquished Creatures
  An ogre (D:3)
  A hound (D:4)
  5 adders
  An ooze (D:4)
  2 worms (D:2)
  4 leopard geckos
  3 orcs
  3 giant cockroaches
  6 goblins
  2 hobgoblins
  2 quokkas (D:3)
  2 ball pythons
  11 bats
  4 frilled lizards
  10 kobolds
  10 rats
67 creatures vanquished.

Vanquished Creatures (others)
  A plant (D:1)
1 creature vanquished.

Grand Total: 68 creatures vanquished

Notes
Turn   | Place    | Note
-------+----------+-------------------------------------------
     0 | D:1      | Alfie the Hill Orc Fighter began the quest for the Orb.
     0 | D:1      | Reached XP level 1. HP: 19/19 MP: 1/1
   191 | D:1      | Reached XP level 2. HP: 27/27 MP: 2/2
   817 | D:2      | Reached XP level 3. HP: 33/33 MP: 3/3
  1013 | D:2      | Reached XP level 4. HP: 19/40 MP: 4/4
  1483 | D:3      | Learned a level 1 spell: Animate Skeleton
  1625 | D:3      | Noticed an ogre
  1633 | D:3      | Killed an ogre
  1633 | D:3      | Reached skill level 1 in Dodging
  1633 | D:3      | Reached XP level 5. HP: 27/47 MP: 5/5
  1931 | D:4      | Reached XP level 6. HP: 37/53 MP: 6/6
  1940 | D:4      | Noticed Eustachio
  1958 | D:4      | HP: 2/53 [something/puff of frost (3)]
  1967 | D:4      | HP: 1/53 [worker ant (5)]
  1967 | D:4      | Killed from afar by an orc wizard

Skill      XL: |  1  2  3  4 |
---------------+-------------+-----
Fighting       | 4 |  4.4
Short Blades   | 3 |  3.9
Armour         | 4 |  4.2
Dodging        | 1 |  1.1
Shields        | 4 |  4.4

Action                   |  1- 3 |  4- 6 || total
-------------------------+-------+-------++-------
Melee: Rapier            |   125 |   115 ||   240
  Use: Scroll            |     3 |     4 ||     7
       Potion            |       |     5 ||     5
  Eat: Bread ration      |       |     1 ||     1
       Royal jelly       |       |     1 ||     1
Armor: Scale mail        |    50 |    64 ||   114
Dodge: Dodged            |    34 |    63 ||    97
Block: Shield            |    58 |    73 ||   131
